 Dungeon Crawl Stone Soup version 0.20.1-1-g8b1a95d (webtiles) character file.

73823 gobwax the Alchemist (level 15, -1/128 HPs)
             Began as an Octopode Transmuter on Sept 9, 2017.
             Was a High Priest of Uskayaw.
             Killed from afar by a naga ritualist (25 damage)
             ... with a lance of force
             ... on level 1 of the Snake Pit.
             The game lasted 01:21:52 (23956 turns).

gobwax the Alchemist (Octopode Transmuter)         Turns: 23956, Time: 01:21:53

Health: -1/128     AC:  9    Str:  6    XL:     15   Next: 44%
Magic:  1/27       EV: 16    Int: 23    God:    Uskayaw [*****.]
Gold:   1161       SH:  6    Dex: 16    Spells: 11/36 levels left

rFire    x . .     SeeInvis +     - Unarmed
rCold    + . .     Gourm    .   (shield currently unavailable)
rNeg     + . .     Faith    .   (helmet currently unavailable)
rPois    +         Spirit   .   m - +6 amulet of reflection
rElec    +         Reflect  +   i - ring of ice
rCorr    +         Harm     .   s - +2 ring of intelligence
MR       +++..                  y - ring of positive energy
Stlth    +++.......             j - ring of see invisible
Regen    0.4/turn               e - +2 ring of dexterity
MPRegen  0.2/turn               U - +3 ring of evasion
                                W - ring of the Firefly {rCorr Dex+3}
                                Y - ring of Tender Moments {rElec MR+ Stlth+}

@: lethally poisoned (-1 -> -5), hydra-form
A: almost no armour, stealthy swim, amphibious, 8 rings, (constrict 8), clumsy
1, low mp 1, magic resistance 1, robust 1, weak 2
a: End Transformation, Stomp, Line Pass, Grand Finale, Renounce Religion


You were on level 1 of the Snake Pit.
You worshipped Uskayaw.
Uskayaw was noncommittal.
You were not hungry.
You were a seven-headed hydra.
You visited 5 branches of the dungeon, and saw 21 of its levels.
You visited the Abyss 1 time.
You also visited: Labyrinth.

You collected 2031 gold pieces.
You spent 870 gold pieces at shops.

Inventory:

Hand Weapons
 q - the +6 quarterstaff "Enioxkoe" (melded) {freeze, rPois MR+ MP+9 Int-4 Dex+2}
   (You found it in a labyrinth)

   It has been specially enchanted to freeze those struck by it, causing extra
   injury to most foes and up to half again as much damage against particularly
   susceptible opponents.
   It can also slow down cold-blooded creatures.
   It affects your intelligence (-4).
   It affects your dexterity (+2).
   It protects you from poison.
   It affects your resistance to hostile enchantments.
   It affects your magic capacity (+9).
Missiles
 a - 264 arrows
Armour
 L - the +3 hat of Pondering (melded) {ponderous, MR+ MP+10 Int+5}
   (You found it in a labyrinth)

   It affects your intelligence (+5).
   It affects your resistance to hostile enchantments.
   It affects your magic capacity (+10).
Jewellery
 e - a +2 ring of dexterity (on tentacle)
 i - a ring of ice (left foreclaw)
 j - a ring of see invisible (on tentacle)
 m - a +6 amulet of reflection (around neck)
 s - a +2 ring of intelligence (right foreclaw)
 y - a ring of positive energy (on tentacle)
 I - an uncursed ring of ice
 U - a +3 ring of evasion (on tentacle)
 W - the ring of the Firefly (on tentacle) {rCorr Dex+3}
   (You acquired it on level 5 of the Lair of Beasts)

   [ring of resist corrosion]

   It affects your dexterity (+3).
 Y - the ring of Tender Moments (on tentacle) {rElec MR+ Stlth+}
   (You found it on level 6 of the Lair of Beasts)

   [ring of stealth]

   It insulates you from electricity.
   It affects your resistance to hostile enchantments.
   It makes you more stealthy.
Wands
 h - a wand of confusion (48/48)
 k - a wand of lightning (7/15)
 n - a wand of confusion (10/48)
 H - a wand of paralysis (7/24)
 J - a wand of digging (5/24)
 P - a wand of random effects (9/48)
Scrolls
 b - 3 scrolls of enchant armour
 f - 3 scrolls of recharging
 x - 7 scrolls of teleportation
 E - 5 scrolls of remove curse
 M - 3 scrolls of enchant weapon
 R - a scroll of summoning
 V - 2 scrolls of immolation
Potions
 g - 3 potions of haste
 r - a potion of curing
 t - 5 potions of degeneration
 v - a potion of mutation
 w - 2 potions of agility
 z - 2 potions of might
 C - a potion of flight
 G - 2 potions of resistance
 O - a potion of brilliance
 T - a potion of heal wounds
Books
 o - a book of Unlife

   Spells                             Type                      Level
   a - Recall                         Summoning/Translocation      3
   b - Animate Dead                   Necromancy                   4
   c - Control Undead                 Necromancy                   4
   d - Cigotuvi's Embrace             Necromancy                   5
   e - Death Channel                  Necromancy                   6
   f - Simulacrum                     Ice/Necromancy               6
 B - a Young Poisoner's Handbook

   Spells                             Type                      Level
   a - Sting                          Conjuration/Poison           1
   b - Poisonous Vapours              Poison/Air                   2
   c - Mephitic Cloud                 Conjuration/Poison/Air       3
   d - Olgreb's Toxic Radiance        Poison                       4
   e - Venom Bolt                     Conjuration/Poison           5
 K - a book of Battle

   Spells                             Type                      Level
   a - Infusion                       Charms                       1
   b - Shroud of Golubria             Charms/Translocation         2
   c - Song of Slaying                Charms                       2
   d - Spectral Weapon                Hexes/Charms                 3
   e - Regeneration                   Charms/Necromancy            3
 N - a book of Transfigurations

   Spells                             Type                      Level
   a - Irradiate                      Conjuration/Transmutation    5
   b - Statue Form                    Transmutation/Earth          6
   c - Hydra Form                     Transmutation                6
   d - Dragon Form                    Transmutation                7
 Q - a book of Dreams

   Spells                             Type                      Level
   a - Ensorcelled Hibernation        Hexes/Ice                    2
   b - Silence                        Hexes/Air                    5
   c - Darkness                       Hexes                        6
   d - Shadow Creatures               Summoning                    6
 S - a book of Flames

   Spells                             Type                      Level
   a - Flame Tongue                   Conjuration/Fire             1
   b - Throw Flame                    Conjuration/Fire             2
   c - Conjure Flame                  Conjuration/Fire             3
   d - Inner Flame                    Hexes/Fire                   3
   e - Sticky Flame                   Conjuration/Fire             4
   f - Fireball                       Conjuration/Fire             5
Miscellaneous
 d - a box of beasts
 Z - a lightning rod (4/4)
Comestibles
 c - 11 bread rations
 l - 6 meat rations
 p - 7 royal jellies
 F - 29 fruits


   Skills:
 + Level 4.4 Fighting
 + Level 8.3 Dodging
 - Level 3.0 Stealth
 + Level 15.2 Unarmed Combat
 + Level 11.4 Spellcasting
 * Level 15.4 Transmutations
 + Level 2.1 Ice Magic
 + Level 0.7 Evocations


You had 11 spell levels left.
You knew the following spells:

 Your Spells              Type           Power        Failure   Level  Hunger
a - Beastly Appendage     Tmut           ######       0%          1    None
c - Ice Form              Ice/Tmut       ######..     1%          4    None
d - Blade Hands           Tmut           ######....   1%          5    ####...
e - Sticks to Snakes      Tmut           ######..     0%          2    None
f - Hydra Form            Tmut           ######....   1%          6    #####..
g - Dragon Form           Tmut           ######....   7%          7    #######


Dungeon Overview and Level Annotations

Branches:
Dungeon (11/15)            Temple (1/1) D:6            Lair (6/6) D:9
  Swamp (0/4) Lair:4        Snake (1/4) Lair:3        Slime (0/5) Lair:5
    Orc (2/2) D:10            Elf (0/3) Orc:2

Altars:
Dithmenos
Elyvilon
Fedhas
Gozag
Uskayaw
Vehumet
Xom

Shops:
D:4 [[   D:10 :?   D:11 (   Orc:2 [*:(

Annotations:
D:8 BGT's ghost, journeyman GrEE


Innate Abilities, Weirdness & Mutations

You cannot wear most types of armour.
You are very stealthy in the water. (Stealth+)
You are amphibious.
You can wear up to eight rings at the same time.
((You can use your tentacles to constrict eight enemies at once.))
((Your skin changes colour to match your surroundings (Stealth+).))
((Your rubbery body absorbs attacks. (AC +1, EV +1)))
((You are partially covered in slimy green scales. (AC +2)))
You are clumsy. (Dex -2)
Your magical capacity is low. (-10% MP)
You are resistant to hostile enchantments. (MR+)
You are robust. (+10% HP)
You are very weak. (Str -4)


Message History

The naga warrior hits you with a long sword!!
* * * LOW HITPOINT WARNING * * *
Uskayaw prepares the audience for your solo!
The helpless naga warrior fails to defend itself.
You chomp the naga warrior!!!
You kill the naga warrior!
You feel sick.
* * * LOW HITPOINT WARNING * * *
You feel sick.
The naga ritualist is no longer paralysed.
The naga is no longer paralysed.
The naga ritualist barely misses you. The naga spits poison at you.
The splash of poison hits you! You resist.
You see here a long sword.
You nip at the naga ritualist.
The naga ritualist is severely wounded.
You feel sick.
The naga ritualist points at you and mumbles some strange words.
The lance of force hits you!
You die...

####...# ###...#..# ##........##
.. ##.)........# ...
##.....).....## #..#
##......)......# #..#
##..............#
#..###..........))...##
#...#.........N.D.....#
#..............N......#
##................[.#.##
#..#.............###..######
#..#..................##...####
#.............................##
##...[...............(......(....
#...........########.............
...###.....## ##.....).......#


You could see a naga ritualist and a naga.

Vanquished Creatures
  A stone giant (Orc:2)
  A dire elephant (Lair:6)
  3 ettins (Orc:2)
  A minotaur (Lab)
  5 naga warriors (Snake:1)
  7 hydras
  Harold (D:10)
  A catoblepas (Lair:3)
  2 two-headed ogres
  Fannar (D:11)
  4 anacondas (Snake:1)
  A merfolk avatar (Lair:6)
  A shock serpent (Snake:1)
  Sonja (Lair:2)
  3 unseen horrors
  3 harpies (Lair:6)
  Pikel (D:6)
  2 mana vipers (Snake:1)
  An ugly thing (D:11)
  An oklob plant (Lair:6)
  8 cyclopes (Orc:2)
  A salamander (Snake:1)
  8 black mambas
  2 naga magi (Snake:1)
  A guardian serpent (Snake:1)
  20 elephants
  A torpor snail (Lair:4)
  11 spiny frogs
  4 rime drakes
  9 komodo dragons
  4 polar bears
  3 trolls
  9 hippogriffs
  2 hornets
  8 blink frogs
  9 dream sheep
  2 wyverns
  40 yaks
  Grum (D:8)
  2 basilisks
  5 hungry ghosts
  Menkaure (D:5)
  11 nagas
  2 wargs
  11 water moccasins
  15 orc warriors
  10 porcupines
  An ice beast (D:6)
  An eye of draining (D:10)
  2 sky beasts
  2 black bears
  6 ogres
  A necrophage (D:11)
  A phantom (D:9)
  11 wolves
  16 crocodiles
  5 centaurs
  13 big kobolds
  6 bullfrogs
  An earth elemental (Lab)
  8 scorpions
  A wyvern skeleton (D:11)
  2 electric eels
  2 howler monkeys
  A bullfrog zombie (D:6)
  5 crimson imps
  2 quasits (D:7)
  5 hounds
  A bullfrog skeleton (D:7)
  17 orc priests
  3 jellies
  4 centaur skeletons
  Terence (D:3)
  7 hell rats (Lair:6)
  7 iguanas
  15 orc wizards
  8 worker ants
  A hound zombie (D:5)
  3 worker ant zombies
  8 gnolls
  12 adders
  2 shadow imps
  2 oozes
  2 adder skeletons
  3 worms
  A dart slug (D:2)
  5 leopard geckos
  41 orcs
  12 giant cockroaches
  5 goblins
  9 hobgoblins
  3 jackals (D:6)
  48 kobolds
  2 quokkas
  A ball python (D:7)
  3 bats
  2 frilled lizards
  A leopard gecko zombie (D:7)
  A quokka skeleton (D:4)
  A quokka zombie (D:10)
  7 fungi
  6 plants
577 creatures vanquished.

Vanquished Creatures (collateral kills)
  A hydra (Lair:2)
  2 yaks (Lair:5)
  A porcupine (Lair:2)
  A giant cockroach (D:8)
5 creatures vanquished.

Vanquished Creatures (others)
  5 dream sheep (D:5)
  2 slaves (D:6)
  A bullfrog (D:8)
  A crimson imp (D:6)
  A bullfrog zombie (D:6)
  A gnoll (D:6)
  A shadow imp (D:6)
  A giant cockroach zombie (D:6)
  3 kobolds (D:6)
  13 fungi
  22 plants
  5 toadstools (D:1)
56 creatures vanquished.

Grand Total: 638 creatures vanquished

Notes
Turn   | Place    | Note
-------+----------+-------------------------------------------
     0 | D:1      | gobwax the Octopode Transmuter began the quest for the Orb.
     0 | D:1      | Reached XP level 1. HP: 13/13 MP: 3/3
   126 | D:1      | Reached XP level 2. HP: 12/18 MP: 3/5
   810 | D:2      | Reached XP level 3. HP: 10/23 MP: 4/6
  1108 | D:2      | Reached skill level 1 in Stealth
  1175 | D:2      | Reached XP level 4. HP: 16/28 MP: 7/7
  1605 | D:2      | Reached XP level 5. HP: 17/33 MP: 8/8
  2372 | D:3      | Found a shadowy altar of Dithmenos.
  2434 | D:3      | Noticed Terence
  2441 | D:3      | Learned a level 3 spell: Spider Form
  2448 | D:3      | Killed Terence
  2530 | D:3      | Reached XP level 6. HP: 38/38 MP: 8/10
  2964 | D:4      | Found Rahasua's Antique Armour Emporium.
  3581 | D:4      | Found Qipytin's Armour Boutique.
  3654 | D:4      | Noticed a phantom
  3685 | D:5      | Entered Level 5 of the Dungeon
  3757 | D:5      | Noticed Menkaure
  3801 | D:5      | Reached skill level 5 in Unarmed Combat
  3801 | D:5      | Reached XP level 7. HP: 22/43 MP: 5/12
  3955 | D:4      | Learned a level 4 spell: Ice Form
  4834 | D:6      | Learned a level 5 spell: Blade Hands
  4843 | D:5      | Killed Menkaure
  4855 | D:5      | Reached skill level 5 in Transmutations
  5136 | D:5      | Found a shimmering altar of Xom.
  5136 | D:5      | Noticed a dream sheep
  5136 | D:5      | Noticed a dream sheep
  5136 | D:5      | Noticed a dream sheep
  5136 | D:5      | Noticed a dream sheep
  5136 | D:5      | Noticed a dream sheep
  5143 | D:5      | Killed a dream sheep
  5143 | D:5      | Killed a dream sheep
  5143 | D:5      | Killed a dream sheep
  5143 | D:5      | Killed a dream sheep
  5143 | D:5      | Killed a dream sheep
  5289 | D:6      | Reached skill level 1 in Ice Magic
  5289 | D:6      | Reached XP level 8. HP: 44/48 MP: 9/14
  5292 | D:6      | Noticed Pikel
  5308 | D:6      | Killed Pikel
  5728 | D:6      | Found a staircase to the Ecumenical Temple.
  5795 | Temple   | Entered the Ecumenical Temple
  5814 | Temple   | Became a worshipper of Uskayaw the Reveler
  5874 | D:6      | Reached * piety under Uskayaw
  5914 | D:6      | Reached ** piety under Uskayaw
  6041 | D:6      | Reached XP level 9. HP: 26/54 MP: 6/15
  6337 | D:6      | Reached *** piety under Uskayaw
  6428 | D:6      | Reached **** piety under Uskayaw
  7259 | D:7      | Learned a level 2 spell: Sticks to Snakes
  7314 | D:6      | Reached skill level 5 in Spellcasting
  7320 | D:6      | Gained mutation: You are dopey. (Int -2) [mutagenic meat]
  7321 | D:6      | Gained mutation: Your magical capacity is low. (-10% MP) [mutagenic meat]
  7322 | D:6      | Gained mutation: You can translocate small distances at will. [mutagenic meat]
  8020 | D:8      | Reached XP level 10. HP: 29/60 MP: 3/16
  8195 | D:8      | Noticed BGT's ghost (journeyman GrEE)
  8206 | D:8      | Noticed Grum
  8215 | D:8      | Killed Grum
  9609 | D:9      | Noticed a two-headed ogre
  9620 | D:9      | Killed a two-headed ogre
  9620 | D:9      | Reached skill level 5 in Dodging
  9630 | D:9      | Found a staircase to the Lair.
 10107 | D:10     | Entered Level 10 of the Dungeon
 10130 | D:10     | Found Tyeph's Book Shop.
 10356 | D:10     | Found Vullocla's Magic Scroll Shop.
 10370 | D:10     | Found a staircase to the Orcish Mines.
 10457 | D:10     | Noticed Harold
 10467 | D:10     | Killed Harold
 10467 | D:10     | Reached skill level 10 in Unarmed Combat
 10467 | D:10     | Reached skill level 10 in Transmutations
 10467 | D:10     | Reached XP level 11. HP: 50/64 MP: 14/19
 10572 | D:10     | Noticed an unseen horror
 10575 | D:10     | Killed an unseen horror
 11009 | D:11     | Found Leaqips's Antique Weapon Shop.
 11039 | D:11     | Noticed Fannar
 11386 | D:11     | Killed Fannar
 11578 | D:11     | Identified the Grimoire of Attacks
 11774 | D:11     | Noticed a purple ugly thing
 11785 | D:11     | Killed a purple ugly thing
 11789 | D:11     | Gained mutation: You are weak. (Str -2) [mutagenic meat]
 11815 | D:11     | Lost mutation: You are dopey. (Int -2) [potion of mutation]
 11815 | D:11     | Lost mutation: Your magical capacity is low. (-10% MP) [potion of mutation]
 11815 | D:11     | Lost mutation: You are weak. (Str -2) [potion of mutation]
 11815 | D:11     | Lost mutation: You can translocate small distances at will. [potion of mutation]
 11815 | D:11     | Gained mutation: You are resistant to hostile enchantments. (MR+) [potion of mutation]
 11815 | D:11     | Gained mutation: You are weak. (Str -2) [potion of mutation]
 11815 | D:11     | Gained mutation: You are partially covered in slimy green scales. (AC +2) [potion of mutation]
 11935 | D:11     | Noticed a two-headed ogre
 11945 | D:11     | Killed a two-headed ogre
 12186 | D:10     | Bought a book of Transfigurations for 825 gold pieces
 12203 | D:10     | Learned a level 6 spell: Hydra Form
 12251 | Lair:1   | Entered Level 1 of the Lair of Beasts
 12280 | Lair:1   | Found a labyrinth entrance.
 12294 | Lab      | Entered a labyrinth
 12544 | Lab      | Noticed an unseen horror
 12551 | Lab      | Killed an unseen horror
 12558 | Lab      | Noticed an unseen horror
 12562 | Lab      | Killed an unseen horror
 12734 | Lab      | Got an iridescent quarterstaff
 12763 | Lab      | Identified the +6 quarterstaff "Enioxkoe" {freeze, rPois MR+ MP+9 Int-4 Dex+2} (You found it in a labyrinth)
 12884 | Lab      | Noticed a minotaur
 12901 | Lab      | Killed a minotaur
 12901 | Lab      | Reached XP level 12. HP: 57/72 MP: 22/24
 13007 | Lair:1   | Reached ***** piety under Uskayaw
 14362 | Lair:2   | Noticed a five-headed hydra
 14373 | Lair:2   | Noticed Sonja
 14373 | Lair:2   | Killed a five-headed hydra
 14535 | Lair:2   | Cast into level 1 of the Abyss (Sonja)
 14547 | Lair:2   | Escaped the Abyss
 15032 | Lair:2   | Learned a level 7 spell: Dragon Form
 15250 | Lair:2   | Killed Sonja
 15675 | Lair:3   | Noticed a catoblepas
 15686 | Lair:3   | Killed a catoblepas
 15808 | Lair:3   | Gained mutation: You are clumsy. (Dex -2) [mutagenic glow]
 15883 | Lair:3   | Gained mutation: You are very weak. (Str -4) [mutagenic glow]
 16020 | Lair:3   | Reached XP level 13. HP: 56/77 MP: 24/26
 16022 | Lair:3   | Reached ****** piety under Uskayaw
 16512 | Lair:3   | Found a staircase to the Snake Pit.
 16749 | Lair:4   | Found a staircase to the Swamp.
 17313 | Lair:4   | Gained mutation: Your magical capacity is low. (-10% MP) [mutagenic glow]
 17364 | Lair:4   | Gained mutation: You are robust. (+10% HP) [mutagenic glow]
 18318 | Lair:5   | Found a staircase to the Slime Pits.
 18884 | Lair:5   | Reached skill level 10 in Spellcasting
 18891 | Lair:5   | Reached XP level 14. HP: 92/92 MP: 25/25
 19171 | Lair:5   | Identified a scroll of acquirement
 19175 | Lair:5   | Got a twitching turquoise ring
 19176 | Lair:5   | Identified the ring of the Firefly {rCorr Dex+3} (You acquired it on level 5 of the Lair of Beasts)
 19889 | Lair:6   | Entered Level 6 of the Lair of Beasts
 20593 | Lair:6   | Got a transparent jade ring
 20641 | Lair:6   | Noticed a dire elephant
 20650 | Lair:6   | Killed a dire elephant
 20851 | Lair:6   | Identified the ring of Tender Moments {rElec MR+ Stlth+} (You found it on level 6 of the Lair of Beasts)
 21037 | D:10     | Bought a scroll of amnesia for 45 gold pieces
 21046 | Orc:1    | Entered Level 1 of the Orcish Mines
 21213 | Orc:2    | Entered Level 2 of the Orcish Mines
 21250 | Orc:2    | Noticed a stone giant
 21270 | Orc:2    | Killed a stone giant
 21653 | Orc:2    | Found a staircase to the Elven Halls.
 21655 | Orc:2    | Found Tiumaumi's Book Shop.
 21670 | Orc:2    | Found Xibeg's General Store.
 21774 | Orc:2    | Found Domae's Antique Armour Shop.
 21796 | Orc:2    | HP: 2/141 [ettin/dire flail (32)]
 22265 | Orc:2    | Reached XP level 15. HP: 99/99 MP: 26/26
 22649 | Orc:2    | Found Norups's Antique Weapon Shop.
 23043 | Snake:1  | Entered Level 1 of the Snake Pit
 23106 | Snake:1  | Reached skill level 15 in Transmutations
 23299 | Snake:1  | Reached skill level 15 in Unarmed Combat
 23956 | Snake:1  | Killed from afar by a naga ritualist

Skill      XL: |  1  2  3  4  5  6  7  8  9 10 11 12 13 14 15 |
---------------+----------------------------------------------+-----
Stealth        | 1 2 3 |  3.0
Unarmed Combat | 4 5 7 9 10 11 12 13 14 15 | 15.2
Transmutations | 3 4 5 6 7 10 11 13 14 15 | 15.4
Spellcasting   | 3 4 5 6 8 9 10 11 | 11.4
Dodging        | 3 4 5 6 7 8 |  8.3
Ice Magic      | 1 2 |  2.1
Fighting       | 2 3 4 |  4.4
Evocations     | |  0.7

Action                   |  1- 3 |  4- 6 |  7- 9 | 10-12 | 13-15 || total
-------------------------+-------+-------+-------+-------+-------++-------
Melee: Unarmed           |    55 |   107 |   320 |   399 |   583 ||  1464
       Constrict         |    15 |    20 |     9 |    37 |     5 ||    86
       Tentacles         |     5 |    10 |     7 |    40 |     5 ||    67
       Kick              |     9 |    19 |     6 |     1 |       ||    35
       Punch             |     1 |     3 |     2 |    19 |    28 ||    53
       Tailslap          |       |       |       |     4 |    24 ||    28
       Bite              |       |       |       |     3 |    31 ||    34
       Quarterstaff      |       |       |       |     3 |    19 ||    22
 Cast: Beastly Appendage |    17 |    24 |     5 |     2 |       ||    48
       Spider Form       |       |     8 |    26 |     7 |       ||    41
       Ice Form          |       |       |     8 |     3 |     2 ||    13
       Blade Hands       |       |       |     6 |    45 |     6 ||    57
       Sticks to Snakes  |       |       |     1 |     7 |     2 ||    10
       Hydra Form        |       |       |       |     8 |    25 ||    33
       Dragon Form       |       |       |       |     4 |    25 ||    29
Invok: Stomp             |       |       |     1 |       |     1 ||     2
       Line Pass         |       |       |       |     1 |     4 ||     5
 Abil: Breathe Fire      |       |       |       |     2 |     2 ||     4
       End Transformatio |       |       |       |     1 |     2 ||     3
Evoke: Wand              |       |     7 |       |       |       ||     7
  Use: Scroll            |       |     2 |    14 |     7 |    12 ||    35
       Potion            |       |       |     6 |    14 |     6 ||    26
 Stab: Sleeping          |     5 |    11 |     3 |     9 |     3 ||    31
       Confused          |       |     1 |       |       |     2 ||     3
       Paralysed         |       |       |     7 |    20 |    58 ||    85
       Distracted        |       |       |       |     3 |       ||     3
       Invisible         |       |       |       |       |     2 ||     2
  Eat: Chunk             |       |     9 |    19 |    24 |    14 ||    66
       Fruit             |       |       |     6 |     6 |     4 ||    16
       Royal jelly       |       |       |     1 |       |       ||     1
       Meat ration       |       |       |       |     1 |     1 ||     2
Armor: Skin              |     6 |     2 |    27 |    59 |   193 ||   287
Dodge: Dodged            |    37 |    38 |   189 |   228 |   291 ||   783
Block: Other             |       |     9 |    79 |    85 |   147 ||   320
       Reflection        |       |       |    10 |     5 |     3 ||    18
